 Dungeon Crawl Stone Soup version 0.19-a0-505-g8266cc7 (webtiles) character file.

90 Katalist the Digger (level 4, -3/24 HPs)
             Began as a Gargoyle Earth Elementalist on June 5, 2016.
             Slain by Grinder (6 damage)
             ... on level 3 of the Dungeon.
             The game lasted 00:05:42 (2174 turns).

Katalist the Digger (Gargoyle Earth Elementalist)   Turns: 2174, Time: 00:05:42

Health: -3/24      AC:  9    Str: 12    XL:     4   Next: 56%
Magic:  4/9        EV: 10    Int: 16    God:
Gold:   121        SH:  0    Dex: 10    Spells: 2 memorised, 6 levels left

rFire  + . .     SeeInvis .     b - 132 stones
rCold  + . .     Gourm    .     u - +0 ring mail
rNeg   + . .     Faith    .     (no shield)
rPois  ∞         Spirit   .     (no helmet)
rElec  +         Dismiss  .     j - +0 cloak
rCorr  +         Reflect  .     (no gloves)
SustAt .         Harm     .     (no boots)
MR     .....                    (no amulet)
Stlth  +.........               (no ring)
                                (no ring)

@: resistant, not resistant to hostile enchantments, very unstealthy
A: negative energy resistance 1, electricity resistance, unbreathing,
petrification resistance, rot immunity, AC +3
a: no special abilities


You were on level 3 of the Dungeon.
You were not hungry.

You visited 1 branch of the dungeon, and saw 3 of its levels.

You collected 121 gold pieces.

Inventory:

Hand Weapons
 a - a +0 spear
Missiles
 b - 132 stones (in hand)
Armour
 c - a +0 robe
 j - a +0 cloak (worn)
 u - a +0 ring mail (worn)
Scrolls
 f - 2 scrolls of magic mapping {unknown}
 g - a scroll of remove curse {unknown}
 k - a scroll of teleportation {unknown}
 l - a scroll of identify {unknown}
 o - a scroll of enchant weapon {unknown}
 q - a scroll of blinking {unknown}
Potions
 h - a potion of brilliance {unknown}
 m - a potion of invisibility {unknown}
 n - a potion of mutation {unknown}
 p - a potion of resistance
 r - a potion of curing {unknown}
 t - a potion of cure mutation {unknown}
Books
 e - a book of Geomancy

   Spells                             Type                      Level
   a - Sandblast                      Earth                        1
   b - Passwall                       Transmutation/Earth          2
   c - Stone Arrow                    Conjuration/Earth            3
   d - Petrify                        Transmutation/Earth          4
   e - Lee's Rapid Deconstruction     Earth                        5
Comestibles
 d - 3 bread rations
 i - 3 meat rations
 s - 5 chunks of flesh


   Skills:
 - Level 1.5 Dodging
 - Level 2.1 Stealth
 * Level 3.7 Spellcasting
 + Level 0.4 Conjurations
   Level 0.7 Transmutations
 + Level 4.4 Earth Magic


You had 6 spell levels left.
You knew the following spells:

 Your Spells              Type           Power        Failure   Level  Hunger
a - Sandblast             Erth           ###...       10%         1    None
b - Stone Arrow           Conj/Erth      ##....       52%         3    ###....


Dungeon Overview and Level Annotations

Branches:
Dungeon (3/15)

Altars:
Elyvilon
Zin

Annotations:
D:3 Grinder


Innate Abilities, Weirdness & Mutations

You are resistant to torment.
Your stone body is resilient. (AC +3)
You are immune to poison.
You resist negative energy. (rN+)
You are resistant to electric shocks. (rElec)
You can survive without breathing.
You are immune to petrification.
You are immune to rotting.


Message History

Grinder is moderately wounded.
Grinder hits you but does no damage.
Casting: Sandblast
Confirm with . or Enter, or press ? or * to list all spells.
Aiming: Sandblast
Press: ? - help, Shift-Dir - straight line, f/p - Grinder
Aim: Grinder (moderately wounded, unusually resistant)
The rocky blast hits Grinder.
Grinder is moderately wounded.
Grinder hits you.
* * * LOW HITPOINT WARNING * * *
Casting: Sandblast
Confirm with . or Enter, or press ? or * to list all spells.
Aiming: Sandblast
Press: ? - help, Shift-Dir - straight line, f/p - Grinder
Aim: Grinder (moderately wounded, unusually resistant)
The rocky blast misses Grinder.
Grinder says, "Don't move a muscle."
Grinder hits you.
You die...

#.##.#....5....#
#.##.#.#########
#.##.#5# #.##.#.#
#.##.#.# #.##.#.########
#.##.#........########.#
#.##.########5##.......#
#.##.##.....@...>..#####
#.##.##.#####.#....#
#.##............#..####
#.#####.#####.#........
#.#####.# #.#########
#.......# #.# #########
#.# #.. ###


You could see Grinder.

Vanquished Creatures
  A gnoll (D:3)
  3 adders
  An ooze (D:1)
  A worm (D:2)
  2 dart slugs
  A giant gecko (D:2)
  2 orcs
  4 bats
  5 goblins
  4 hobgoblins
  3 kobolds
  3 quokkas
  3 giant newts
  10 rats
43 creatures vanquished.

Notes
Turn   | Place    | Note
--------------------------------------------------------------
     0 | D:1      | Katalist the Gargoyle Earth Elementalist began the quest for the Orb.
     0 | D:1      | Reached XP level 1. HP: 10/10 MP: 3/3
   229 | D:1      | Reached XP level 2. HP: 15/15 MP: 5/5
   936 | D:2      | Reached XP level 3. HP: 9/19 MP: 4/7
  1255 | D:2      | Reached skill level 4 in Earth Magic
  1352 | D:2      | Found a glowing silver altar of Zin.
  1352 | D:2      | Found a white marble altar of Elyvilon.
  1746 | D:2      | Reached XP level 4. HP: 24/24 MP: 6/9
  1911 | D:2      | Learned a level 3 spell: Stone Arrow
  2139 | D:3      | Noticed Grinder
  2144 | D:3      | Paralysed by Grinder for 5 turns
  2161 | D:3      | Paralysed by Grinder for 5 turns
  2174 | D:3      | Slain by Grinder

Vault maps used:
D:1:      minmay_arrival_up_and_down
D:2:      gammafunk_temple_overflow_wave, corexii_shack
D:3:      first_bread, uniq_grinder

Skill      XL: |  1  2  3 |
---------------+----------+-----
Spellcasting   | 3 |  3.7
Earth Magic    | 4 |  4.4
Dodging        | |  1.5
Stealth        | |  2.1
Conjurations   | |  0.4
Transmutations | |  0.7

Action                   |  1- 3 |  4- 6 || total
-------------------------+-------+-------++-------
Melee: Spear             |    83 |    29 ||   112
 Cast: Sandblast         |    26 |     9 ||    35
  Use: Potion            |       |     1 ||     1
 Stab: Sleeping          |     5 |       ||     5
  Eat: Chunk             |     3 |     1 ||     4
Armor: Robe              |    15 |       ||    15
       Ring mail         |       |    11 ||    11
Dodge: Dodged            |    49 |    16 ||    65
